TOP OF THE 1ST |
Detroit Tigers batting - Pitching for Minnesota Twins : RHP Nick Pivetta
|
Pitching: RHP Nick Pivetta
|
|
Batting: SHB Roman Quinn
|
0-0: Ball 1-0: Foul Ball, location: 2F 1-1: Ball 2-1: Foul Ball, location: 2F 2-2: Fly out, F7 (Flyball, 7S, EV 90.0 MPH)
|
Batting: LHB Greg Garcia
|
0-0: Ground out 5-3 (Groundball, 56, EV 83.8 MPH)
|
Batting: LHB Corey Dickerson
|
0-0: Ball 1-0: Swinging Strike 1-1: Ground out 4-3 (Groundball, 4, EV 96.9 MPH)
|
Top of the 1st over - 0 runs, 0 hits, 0 errors, 0 left on base; Detroit 0 - Minnesota 0 |
BOTTOM OF THE 1ST |
Minnesota Twins batting - Pitching for Detroit Tigers : RHP Joe Ross
|
Pitching: RHP Joe Ross
|
|
Batting: RHB Whit Merrifield
|
0-0: Ball 1-0: DOUBLE (Line Drive, 8LXD, EV 103.1 MPH) - OUT at third base trying to stretch hit.
|
Batting: RHB Miguel Rojas
|
0-0: Called Strike 0-1: Called Strike 0-2: Hit by Pitch
|
Batting: LHB Freddie Freeman
|
0-0: Called Strike 0-1: Fly out, F9 (Flyball, 9S, EV 78.1 MPH)
|
Batting: RHB Carlos Correa
|
0-0: Swinging Strike 0-1: Called Strike 0-2: Ball 1-2: Ball 2-2: Ball 3-2: Ground out 5-3 (Groundball, 56S, EV 84.4 MPH)
|
Bottom of the 1st over - 0 runs, 1 hit, 0 errors, 1 left on base; Detroit 0 - Minnesota 0 |
TOP OF THE 2ND |
Detroit Tigers batting - Pitching for Minnesota Twins : RHP Nick Pivetta
|
Batting: RHB Khris Davis
|
0-0: Foul Ball, location: 2F 0-1: Swinging Strike 0-2: Ball 1-2: Fly out, F9 (Flyball, 9D, EV 93.8 MPH)
|
Batting: SHB Kendrys Morales
|
0-0: Called Strike 0-1: Ball 1-1: Called Strike 1-2: Ball 2-2: Strikes out swinging
|
Batting: RHB George Springer
|
0-0: Foul Ball, location: 2F 0-1: Swinging Strike 0-2: Strikes out swinging
|
Top of the 2nd over - 0 runs, 0 hits, 0 errors, 0 left on base; Detroit 0 - Minnesota 0 |
BOTTOM OF THE 2ND |
Minnesota Twins batting - Pitching for Detroit Tigers : RHP Joe Ross
|
Batting: LHB Derek Dietrich
|
0-0: Ball 1-0: Swinging Strike 1-1: Foul Ball, location: 2F 1-2: Strikes out swinging, 2-3 out at first.
|
Batting: LHB Jay Bruce
|
0-0: Ball 1-0: Called Strike 1-1: Called Strike 1-2: Foul Ball, location: 2F 1-2: SINGLE (Groundball, 34D, EV 112.5 MPH)
|
Batting: RHB Avisail Garcia
|
0-0: Grounds into double play, 5-4-3 (Groundball, 56, EV 80.0 MPH)
|
Bottom of the 2nd over - 0 runs, 1 hit, 0 errors, 0 left on base; Detroit 0 - Minnesota 0 |
TOP OF THE 3RD |
Detroit Tigers batting - Pitching for Minnesota Twins : RHP Nick Pivetta
|
Batting: RHB J.T. Realmuto
|
0-0: Ball 1-0: Called Strike 1-1: Foul Ball, location: 2F 1-2: Strikes out swinging
|
Batting: LHB Kolten Wong
|
0-0: Bunt for hit to 15 - play at first, batter safe!
|
Batting: RHB J.D. Davis
|
0-0: Called Strike 0-1: Called Strike 0-2: Strikes out looking
|
Batting: SHB Roman Quinn
|
0-0: Called Strike 0-1: Ball 1-1: Ball 2-1: SINGLE (Groundball, 4D, EV 98.1 MPH) Kolten Wong to second Runner from 2nd tries for 3rd, SAFE, throw by CF made to third
|
Batting: LHB Greg Garcia
|
0-0: Fielders Choice at 2nd, U6 (Groundball, 6M, EV 81.3 MPH)
|
Top of the 3rd over - 0 runs, 2 hits, 0 errors, 2 left on base; Detroit 0 - Minnesota 0 |
BOTTOM OF THE 3RD |
Minnesota Twins batting - Pitching for Detroit Tigers : RHP Joe Ross
|
Batting: RHB Howie Kendrick
|
0-0: Ball 1-0: Ball 2-0: Ball 3-0: Called Strike 3-1: Swinging Strike 3-2: Foul Ball, location: 2F 3-2: Fly out, F8 (Flyball, 8RXD, EV 83.8 MPH)
|
Batting: RHB Roberto Perez
|
0-0: Bunt for hit to P - play at first, batter safe!
|
Batting: RHB Whit Merrifield
|
0-0: Ball 1-0: Foul Ball, location: 2F 1-1: SINGLE (Groundball, 5L, EV 95.6 MPH) Roberto Perez to second
|
Batting: RHB Miguel Rojas
|
0-0: Grounds into double play, 4-6-3 (Groundball, 4S, EV 85.0 MPH)
|
Bottom of the 3rd over - 0 runs, 2 hits, 0 errors, 1 left on base; Detroit 0 - Minnesota 0 |
TOP OF THE 4TH |
Detroit Tigers batting - Pitching for Minnesota Twins : RHP Nick Pivetta
|
Batting: LHB Corey Dickerson
|
0-0: Ball 1-0: Foul Ball, location: 2F 1-1: Swinging Strike 1-2: DOUBLE (Groundball, 5L, EV 102.5 MPH)
|
Batting: RHB Khris Davis
|
0-0: Called Strike 0-1: Ball 1-1: Ball 2-1: Called Strike 2-2: Ball 3-2: Foul Ball, location: 2F 3-2: Ground out 1-3 (Groundball, 13, EV 66.3 MPH) Corey Dickerson to third
|
Batting: SHB Kendrys Morales
|
0-0: Ball 1-0: Swinging Strike 1-1: Ball 2-1: Foul Ball, location: 2F 2-2: Strikes out swinging
|
Batting: RHB George Springer
|
0-0: Called Strike 0-1: Ground out 6-3 (Groundball, 6, EV 99.4 MPH)
|
Top of the 4th over - 0 runs, 1 hit, 0 errors, 1 left on base; Detroit 0 - Minnesota 0 |
BOTTOM OF THE 4TH |
Minnesota Twins batting - Pitching for Detroit Tigers : RHP Joe Ross
|
Batting: LHB Freddie Freeman
|
0-0: Ball 1-0: Fly out, F6 (Popup, 4S, EV 70.6 MPH)
|
Batting: RHB Carlos Correa
|
0-0: Fly out, F7 (Flyball, 78XD, EV 95.6 MPH)
|
Batting: LHB Derek Dietrich
|
0-0: Called Strike 0-1: Ball 1-1: Swinging Strike 1-2: Ball 2-2: Ball 3-2: Foul Ball, location: 2F 3-2: Base on Balls
|
Batting: LHB Jay Bruce
|
0-0: Ball 1-0: Fly out, F7 (Flyball, 78S, EV 85.6 MPH)
|
Bottom of the 4th over - 0 runs, 0 hits, 0 errors, 1 left on base; Detroit 0 - Minnesota 0 |
TOP OF THE 5TH |
Detroit Tigers batting - Pitching for Minnesota Twins : RHP Nick Pivetta
|
Batting: RHB J.T. Realmuto
|
0-0: Called Strike 0-1: Ball 1-1: Swinging Strike 1-2: Fly out, F3 (Popup, 3S, EV 68.1 MPH)
|
Batting: LHB Kolten Wong
|
0-0: Ball 1-0: Ball 2-0: Ball 3-0: Called Strike 3-1: Called Strike 3-2: Strikes out swinging
|
Batting: RHB J.D. Davis
|
0-0: Foul Ball, location: 2F 0-1: Foul Ball, location: 2F 0-2: Strikes out swinging
|
Top of the 5th over - 0 runs, 0 hits, 0 errors, 0 left on base; Detroit 0 - Minnesota 0 |
BOTTOM OF THE 5TH |
Minnesota Twins batting - Pitching for Detroit Tigers : RHP Joe Ross
|
Batting: RHB Avisail Garcia
|
0-0: Bunt for hit to 25 - play at first, batter safe!
|
Batting: RHB Howie Kendrick
|
0-0: Ball 1-0: Called Strike 1-1: Foul Ball, location: 2F 1-2: Ball 2-2: SINGLE (Line Drive, 7S, EV 109.4 MPH) Avisail Garcia to second
|
Batting: RHB Roberto Perez
|
0-0: Called Strike 0-1: Ball 1-1: Ball 2-1: Foul Ball, location: 2F 2-2: Grounds into double play, 4-6-3 (Groundball, 4MS, EV 81.9 MPH) Avisail Garcia to third
|
Batting: RHB Whit Merrifield
|
0-0: Swinging Strike 0-1: Swinging Strike 0-2: Foul Ball, location: 2F 0-2: Ball 1-2: Foul Ball, location: 2F 1-2: Ground out U3 (Groundball, 34, EV 104.4 MPH)
|
Bottom of the 5th over - 0 runs, 2 hits, 0 errors, 1 left on base; Detroit 0 - Minnesota 0 |
TOP OF THE 6TH |
Detroit Tigers batting - Pitching for Minnesota Twins : RHP Nick Pivetta
|
Batting: SHB Roman Quinn
|
0-0: Bunt for hit to 25 - play at first, batter OUT! 5-3
|
Batting: LHB Greg Garcia
|
0-0: Ball 1-0: Foul Ball, location: 2F 1-1: Ball 2-1: Ball 3-1: Base on Balls
|
Batting: LHB Corey Dickerson
|
0-0: Ball 1-0: Called Strike Greg Garcia steals 2nd base 1-1: Called Strike 1-2: Fly out, F7 (Flyball, 78D, EV 99.4 MPH)
|
Batting: RHB Khris Davis
|
0-0: Intentional Walk
|
Batting: SHB Kendrys Morales
|
0-0: Ball 1-0: 3-RUN HOME RUN (Flyball, 9D, EV 111.3 MPH), Distance : 382 ft
|
Batting: RHB George Springer
|
0-0: Foul Ball, location: 2F 0-1: Foul Ball, location: 2F 0-2: Ball 1-2: Strikes out swinging
|
Top of the 6th over - 3 runs, 1 hit, 0 errors, 0 left on base; Detroit 3 - Minnesota 0 |
BOTTOM OF THE 6TH |
Minnesota Twins batting - Pitching for Detroit Tigers : RHP Joe Ross
|
Batting: RHB Miguel Rojas
|
0-0: Ball 1-0: Ball 2-0: Fly out, F3 (Popup, 3SF, EV 88.8 MPH)
|
Batting: LHB Freddie Freeman
|
0-0: Called Strike 0-1: Ground out 4-3 (Groundball, 4D, EV 95.6 MPH)
|
Batting: RHB Carlos Correa
|
0-0: Ball 1-0: SINGLE (Groundball, 56D, EV 98.8 MPH)
|
Batting: LHB Derek Dietrich
|
0-0: Ball 1-0: Called Strike 1-1: Fly out, F8 (Flyball, 8LM, EV 78.1 MPH)
|
Bottom of the 6th over - 0 runs, 1 hit, 0 errors, 1 left on base; Detroit 3 - Minnesota 0 |
TOP OF THE 7TH |
Detroit Tigers batting - Pitching for Minnesota Twins : RHP Nick Pivetta
|
Batting: RHB J.T. Realmuto
|
0-0: Foul Ball, location: 2F 0-1: Ball 1-1: Swinging Strike 1-2: Ball 2-2: Strikes out looking
|
Batting: LHB Kolten Wong
|
0-0: Ball 1-0: Ball 2-0: Fly out, F3 (Line Drive, 3, EV 70.6 MPH)
|
Batting: RHB J.D. Davis
|
0-0: Called Strike 0-1: Ball 1-1: Ball 2-1: Foul Ball, location: 2F 2-2: Foul Ball, location: 2F 2-2: Foul Ball, location: 2F 2-2: Strikes out looking
|
Top of the 7th over - 0 runs, 0 hits, 0 errors, 0 left on base; Detroit 3 - Minnesota 0 |
BOTTOM OF THE 7TH |
Minnesota Twins batting - Pitching for Detroit Tigers : RHP Joe Ross
|
Batting: LHB Jay Bruce
|
0-0: Foul Ball, location: 2F 0-1: Ball 1-1: Ball 2-1: Called Strike 2-2: Fly out, F7 (Flyball, 7, EV 91.9 MPH)
|
Batting: RHB Avisail Garcia
|
0-0: Swinging Strike 0-1: Ball 1-1: Ball 2-1: Ball 3-1: Fly out, F7 (Flyball, 7D, EV 91.9 MPH)
|
Batting: RHB Howie Kendrick
|
0-0: Called Strike 0-1: Foul Ball, location: 2F 0-2: Foul Ball, location: 2F 0-2: Strikes out swinging
|
Bottom of the 7th over - 0 runs, 0 hits, 0 errors, 0 left on base; Detroit 3 - Minnesota 0 |
TOP OF THE 8TH |
Detroit Tigers batting - Pitching for Minnesota Twins : RHP Nick Pivetta
|
Pitching: RHP Tommy Kahnle
|
|
Batting: SHB Roman Quinn
|
0-0: Ground out 6-3 (Groundball, 6M, EV 80.6 MPH)
|
Batting: LHB Greg Garcia
|
0-0: Ball 1-0: Foul Ball, location: 2F 1-1: Foul Ball, location: 2F 1-2: Ball 2-2: DOUBLE (Line Drive, 9LM, EV 97.5 MPH)
|
Pitching: LHP Wandy Peralta
|
|
Batting: LHB Corey Dickerson
|
0-0: Ball 1-0: Foul Ball, location: 2F 1-1: Called Strike 1-2: Ball 2-2: Foul Ball, location: 2F 2-2: Foul Ball, location: 2F 2-2: Foul Ball, location: 2F 2-2: Foul Ball, location: 2F 2-2: DOUBLE (Line Drive, 9LM, EV 111.9 MPH) Greg Garcia scores
|
Batting: RHB Khris Davis
|
0-0: Intentional Walk
|
Pitching: RHP Nick B. Anderson
|
|
Batting: SHB Kendrys Morales
|
0-0: Ball 1-0: Foul Ball, location: 2F 1-1: Foul Ball, location: 2F 1-2: Strikes out looking
|
Batting: RHB George Springer
|
0-0: Foul Ball, location: 2F 0-1: Ball 1-1: Ball 2-1: Ball 3-1: Called Strike 3-2: Fly out, F9 (Flyball, 9S, EV 80.6 MPH)
|
Top of the 8th over - 1 run, 2 hits, 0 errors, 2 left on base; Detroit 4 - Minnesota 0 |
BOTTOM OF THE 8TH |
Minnesota Twins batting - Pitching for Detroit Tigers : RHP Joe Ross
|
Batting: RHB Roberto Perez
|
0-0: Called Strike 0-1: Ground out 4-3 (Groundball, 4, EV 83.1 MPH)
|
Batting: RHB Whit Merrifield
|
0-0: Foul Ball, location: 2F 0-1: Foul Ball, location: 2F 0-2: Foul Ball, location: 2F 0-2: Ball 1-2: Ground out 6-3 (Groundball, 6M, EV 90.0 MPH)
|
Batting: RHB Miguel Rojas
|
0-0: Foul Ball, location: 2F 0-1: Called Strike 0-2: Ground out 6-3 (Groundball, 6D, EV 102.5 MPH)
|
Bottom of the 8th over - 0 runs, 0 hits, 0 errors, 0 left on base; Detroit 4 - Minnesota 0 |
TOP OF THE 9TH |
Detroit Tigers batting - Pitching for Minnesota Twins : RHP Nick B. Anderson
|
Pitching: RHP Joe Kelly
|
|
Batting: RHB J.T. Realmuto
|
0-0: Foul Ball, location: 2F 0-1: Ground out 5-3 (Groundball, 5, EV 103.8 MPH)
|
Batting: LHB Kolten Wong
|
0-0: Fly out, F8 (Line Drive, 8LM, EV 90.6 MPH)
|
Batting: RHB J.D. Davis
|
0-0: Ball 1-0: Ball 2-0: Foul Ball, location: 2F 2-1: Fly out, F4 (Line Drive, 4, EV 66.3 MPH)
|
Top of the 9th over - 0 runs, 0 hits, 0 errors, 0 left on base; Detroit 4 - Minnesota 0 |
BOTTOM OF THE 9TH |
Minnesota Twins batting - Pitching for Detroit Tigers : RHP Joe Ross
|
Batting: LHB Freddie Freeman
|
0-0: Swinging Strike 0-1: Ball 1-1: Ball 2-1: Ball 3-1: Fly out, F8 (Flyball, 89D, EV 98.8 MPH)
|
Batting: RHB Carlos Correa
|
0-0: Called Strike 0-1: SOLO HOME RUN (Flyball, 9LD, EV 105.6 MPH), Distance : 360 ft
|
Pitching: RHP Brian Ellington
|
|
Batting: LHB Derek Dietrich
|
0-0: Ball 1-0: Foul Ball, location: 2F 1-1: Ball 2-1: SOLO HOME RUN (Flyball, 7LD, EV 93.1 MPH), Distance : 358 ft
|
Pitching: LHP Zack Britton
|
|
Batting: LHB Jay Bruce
|
0-0: Called Strike 0-1: Ball 1-1: Ball 2-1: Ground out 6-3 (Groundball, 4M, EV 76.3 MPH)
|
Batting: RHB Avisail Garcia
|
0-0: Ball 1-0: Called Strike 1-1: Foul Ball, location: 2F 1-2: Ball 2-2: Foul Ball, location: 2F 2-2: Foul Ball, location: 2F 2-2: Ball 3-2: SINGLE (Groundball, 25, EV 73.1 MPH) (infield hit)
|
Pinch Runner at 1st Chris Iannetta:
|
|
Batting: RHB Howie Kendrick
|
0-0: Ball 1-0: Foul Ball, location: 2F 1-1: SINGLE (Groundball, 56D, EV 94.4 MPH) Chris Iannetta to second
|
Pitching: LHP Will Smith
|
|
Batting: RHB Roberto Perez
|
0-0: Called Strike 0-1: Ball 1-1: Ball 2-1: Foul Ball, location: 2F 2-2: Foul Ball, location: 2F 2-2: Strikes out looking
|
Bottom of the 9th over - 2 runs, 4 hits, 0 errors, 2 left on base; Detroit 4 - Minnesota 2 |
|